AoeStats
← CazadorGT

African Clearing

510344759Analyzed
4v4 RM · 1d ago on Sep 30, 2026· 48m 27s· 8 players
Game mode
Random Map
Map size
Large (8 player)
Population
200
Speed
Normal
Resources
Standard
Victory
Conquest
Starting age
Dark Age
Ending age
Imperial Age
RankedLock teamsTeams togetherTeam positionsShared explorationLock speedFull tech treeHidden civsTurbo modeCheats
Victory
Defeat
🇫🇷 Magyars · France
1278
+13
🇵🇱 Saxons · Poland
1194
+17
🇬🇹 Huns · Guatemala
1193
+17
🇹🇷 Malay · Türkiye
1193
+17
🇧🇷 Huns · Brazil
1244
-17
🇨🇳 Spanish · China
1221
-16
🇧🇷 Bulgarians · Brazil
1209
-16
🇨🇳 Japanese · China
1184
-15
CazadorGT
13:27 Loom
15:12 Feudal Age
17:24 Double-Bit Axe
19:44 Castle Age
18:57 Forging
19:24 Stone Mining
23:08 Iron Casting
26:38 Horse Collar
27:53 Town Watch
31:18 Scale Barding Armor
32:44 Husbandry
35:27 Chain Barding Armor
36:08 Wheelbarrow
35:58 Bloodlines
38:21 Bow Saw
38:19 Fletching
44:34 Imperial Age
44:04 Gold Mining
45:04 Elite Tarkan
48:04 Gold Shaft Mining
48:20 Plate Barding Armor
48:35 Marauders
Firkrag
yenese
5:22 Loom
Psychedelonaut
12:29 Loom
14:40 Feudal Age
15:55 Double-Bit Axe
18:38 Castle Age
16:57 Fletching
19:31 Wheelbarrow
19:25 Bodkin Arrow
20:37 Bow Saw
20:14 Town Watch
27:27 Ballistics
30:17 Padded Archer Armor
32:57 Thumb Ring
32:56 Husbandry
38:12 Imperial Age
36:28 Leather Archer Armor
36:32 Hand Cart
36:15 Horse Collar
38:27 Heavy Plow
38:54 Recurve Bow
39:14 Conscription
38:18 Heavy Cavalry Archer
39:24 Parthian Tactics
40:29 Chemistry
39:51 Bloodlines
40:18 Bracer
40:48 Ring Archer Armor
41:33 Ring Archer Armor
cesarmmartins
11:34 Loom
14:40 Feudal Age
15:52 Double-Bit Axe
20:41 Castle Age
18:51 Town Watch
19:49 Scale Barding Armor
19:57 Bloodlines
20:41 Forging
20:59 Horse Collar
23:39 Husbandry
23:59 Fletching
24:41 Padded Archer Armor
26:21 Bow Saw
27:44 Wheelbarrow
30:25 Bodkin Arrow
30:52 Heavy Plow
31:31 Gold Mining
31:46 Stone Mining
32:43 Chain Barding Armor
33:06 Hand Cart
34:36 Leather Archer Armor
35:44 Gold Shaft Mining
36:26 Thumb Ring
37:37 Ballistics
37:03 Pikeman
40:49 Imperial Age
38:33 Squires
38:37 Scale Mail Armor
40:13 Marauders
40:31 Masonry
41:51 Chain Mail Armor
42:09 Parthian Tactics
41:30 Halberdier
43:39 Iron Casting
43:05 Bracer
44:27 Conscription
44:43 Heavy Cavalry Archer
47:59 Blast Furnace
TmZ_rogers
4:55 Loom
fengyiwui
14:31 Feudal Age
18:34 Castle Age
16:54 Double-Bit Axe
17:33 Horse Collar
21:04 Wheelbarrow
21:24 Town Watch
21:55 Loom
36:23 Imperial Age
33:57 Padded Archer Armor
34:27 Hand Cart
34:14 Heavy Plow
34:29 Bow Saw
34:57 Leather Archer Armor
36:21 Husbandry
36:32 Bloodlines
36:53 Ballistics
36:52 Gold Mining
36:59 Stone Mining
38:15 Two-Man Saw
38:27 Chemistry
37:52 Conscription
36:59 Elite Conquistador
40:22 Ring Archer Armor
41:34 Fletching
44:10 Scale Barding Armor
44:16 Forging
46:53 Chain Barding Armor
47:10 Iron Casting
47:43 Plate Barding Armor
出兵保護我~
Connection lost

Rejoining the realm…

Still unreachable

The connection could not be restored.

Session expired

The server has moved on; the page needs a fresh start.